AoeStats
← Oldspice

Hideout

503499110Analyzed
4v4 RM · 1mo ago on Aug 31, 2026· 45m 59s· 8 players
Game mode
Random Map
Map size
Large (8 player)
Population
200
Speed
Normal
Resources
Standard
Victory
Conquest
Starting age
Dark Age
Ending age
Imperial Age
RankedLock teamsTeams togetherTeam positionsShared explorationLock speedFull tech treeHidden civsTurbo modeCheats
Victory
Defeat
🇺🇸 Gurjaras · United States
1552
+14
🇺🇸 Teutons · United States
1550
+14
🇺🇸 Aztecs · United States
1549
+14
🇨🇦 Japanese · Canada
1541
+14
🇦🇷 Magyars · Argentina
1617
-19
🇦🇷 Vikings · Argentina
1516
-15
🇨🇷 Chinese · Costa Rica
1483
-13
🇦🇷 Ethiopians · Argentina
1405
-10
ValkriaN
10:08 Feudal Age
14:56 Castle Age
13:45 Double-Bit Axe
20:31 Fletching
20:39 Elite Skirmisher
25:35 Bodkin Arrow
26:05 Bow Saw
26:56 Horse Collar
28:01 Crossbowman
28:55 Loom
29:29 Heavy Plow
30:51 Ballistics
30:46 Padded Archer Armor
34:08 Imperial Age
32:07 Pikeman
32:47 Squires
33:09 Gambesons
33:10 Arson
35:11 Arbalester
36:57 Chemistry
36:05 Bracer
36:57 Forging
36:47 Scale Mail Armor
39:04 Chain Mail Armor
39:24 Iron Casting
39:43 Leather Archer Armor
43:12 Blast Furnace
42:42 Plate Mail Armor
45:21 Conscription
Daniel Lothbrok
0:26 Loom
10:07 Feudal Age
14:59 Castle Age
13:12 Stone Mining
13:43 Double-Bit Axe
15:29 Fletching
17:20 Bow Saw
24:22 Ballistics
25:10 Bodkin Arrow
25:35 Padded Archer Armor
25:47 Town Watch
27:31 Wheelbarrow
27:22 Leather Archer Armor
27:35 Gold Mining
29:42 Murder Holes
34:14 Imperial Age
36:59 Imperial Age
44:23 Two-Man Saw
44:54 Gold Shaft Mining
44:50 Hand Cart
44:38 Town Patrol
45:52 Stone Shaft Mining
Lord_M@ster
8:58 Loom
10:55 Feudal Age
13:48 Double-Bit Axe
18:41 Fletching
20:51 Wheelbarrow
25:28 Castle Age
23:24 Horse Collar
25:11 Padded Archer Armor
26:08 Bodkin Arrow
25:34 Crossbowman
DiegoRasta
11:02 Feudal Age
14:51 Castle Age
12:37 Horse Collar
12:50 Double-Bit Axe
15:47 Scale Barding Armor
15:59 Bow Saw
24:26 Wheelbarrow
25:11 Bloodlines
26:00 Chain Barding Armor
26:30 Gold Mining
27:25 Hand Cart
28:29 Loom
29:34 Husbandry
33:15 Imperial Age
31:09 Stone Mining
33:00 Gold Shaft Mining
34:10 Coinage
33:23 Cavalier
34:41 Plate Barding Armor
35:44 Conscription
35:44 Heavy Plow
36:45 Two-Man Saw
36:25 Paladin
38:16 Light Cavalry
42:40 Pikeman
43:22 Scale Mail Armor
45:10 Chain Mail Armor
45:11 Corvinian Army
ashleylynn
7:49 Loom
10:20 Feudal Age
10:52 Double-Bit Axe
10:47 Horse Collar
15:17 Town Watch
17:36 Scale Barding Armor
22:30 Castle Age
20:42 Bloodlines
21:18 Forging
24:01 Chain Barding Armor
24:38 Wheelbarrow
23:55 Gold Mining
25:24 Bow Saw
25:50 Iron Casting
25:26 Husbandry
25:41 Heavy Plow
34:31 Hand Cart
43:31 Fletching
43:05 Light Cavalry
IVIUSTANG
10:00 Feudal Age
10:04 Man-at-Arms
10:30 Arson
10:36 Double-Bit Axe
12:18 Loom
18:27 Wheelbarrow
21:07 Castle Age
19:28 Gold Mining
20:07 Fletching
20:59 Padded Archer Armor
21:00 Horse Collar
21:40 Crossbowman
22:16 Bodkin Arrow
23:03 Bow Saw
24:25 Ballistics
25:33 Leather Archer Armor
27:37 Thumb Ring
32:38 Bloodlines
32:32 Husbandry
37:31 Town Watch
41:56 Imperial Age
40:07 Hand Cart
42:43 Bracer
44:04 Chemistry
44:16 Gold Shaft Mining
44:54 Ring Archer Armor
44:36 Masonry
44:33 Siege Engineers
44:40 Masonry
44:58 Parthian Tactics
44:48 Heavy Plow
46:44 Conscription
Boomer
7:11 Loom
9:26 Feudal Age
10:09 Double-Bit Axe
10:59 Horse Collar
13:50 Fletching
18:54 Castle Age
18:42 Gold Mining
19:09 Crossbowman
19:45 Bodkin Arrow
20:44 Bow Saw
27:51 Wheelbarrow
27:53 Scale Mail Armor
29:27 Chain Mail Armor
30:32 Squires
30:17 Arson
32:08 Heavy Plow
36:17 Imperial Age
35:37 Hand Cart
35:07 Town Watch
36:48 Stone Mining
36:27 Elite Jaguar Warrior
37:39 Plate Mail Armor
37:20 Forging
39:50 Iron Casting
39:39 Conscription
40:48 Chemistry
41:43 Garland Wars
42:49 Siege Engineers
45:19 Ballistics
45:59 Chemistry
46:16 Blast Furnace
Oldspice
10:57 Feudal Age
14:54 Castle Age
12:52 Horse Collar
13:48 Double-Bit Axe
15:53 Heavy Plow
20:26 Bow Saw
20:43 Scale Barding Armor
21:27 Forging
22:35 Bloodlines
22:40 Loom
23:33 Wheelbarrow
25:43 Chain Barding Armor
28:28 Iron Casting
31:44 Hand Cart
37:33 Imperial Age
35:14 Stone Mining
35:15 Gold Mining
37:43 Cavalier
39:01 Plate Barding Armor
39:05 Paladin
41:11 Blast Furnace
44:03 Stone Shaft Mining
44:23 Coinage
Connection lost

Rejoining the realm…

Still unreachable

The connection could not be restored.

Session expired

The server has moved on; the page needs a fresh start.